 Dungeon Crawl Stone Soup version 0.27-a0-1137-g3ef0f4ec91 (webtiles) character file.

Game seed: 11233729110589970024

65077 tilp the Fighter (level 15, -9/88 HPs)
             Began as a Vine Stalker Brigand on May 6, 2021.
             Was an Elder of Uskayaw.
             Mangled by a death yak (14 damage)
             ... on level 5 of the Lair of Beasts.
             The game lasted 00:38:36 (18556 turns).

tilp the Fighter (Vine Stalker Brigand)            Turns: 18556, Time: 00:38:37

Health: -9/88      AC: 18    Str: 14    XL:     15   Next: 15%
Magic:  0/26       EV: 14    Int: 11    God:    Uskayaw [****..]
Gold:   1339       SH: 10    Dex: 22    Spells: 14/14 levels left

rFire    . . .     SeeInvis .   b - +3 dagger (elec)
rCold    . . .     Faith    .   U - +0 kite shield
rNeg     . . .     Spirit   +   n - +0 ring mail
rPois    +         Reflect  .   C - +0 helmet
rElec    .         Harm     .   s - +2 cloak
rCorr    .         Rampage  .   h - +1 pair of gloves
Will     +....                  q - +0 pair of boots
Stlth    ++++......             (no amulet)
HPRegen  1.24/turn              W - ring of poison resistance
MPRegen  0.20/turn              c - +4 ring of protection

@: no status effects
A: fangs 3, regeneration 1, magic shield, antimagic bite, no potion heal 2
a: Renounce Religion, Stomp, Line Pass


You were on level 5 of the Lair of Beasts.
You worshipped Uskayaw.
Uskayaw was pleased with you.
You visited 3 branches of the dungeon, and saw 19 of its levels.

You collected 1339 gold pieces.

Inventory:

Hand Weapons
 a - the +2 dagger "Ymeexkem" {vamp, rPois rN+ Int+3}
   (You found it on level 2 of the Lair of Beasts)

   It inflicts no extra harm, but heals its wielder when it wounds a living foe.
   It affects your intelligence (+3).
   It protects you from poison.
   It protects you from negative energy.
 b - a +3 dagger of electrocution (weapon)
 y - a +4 scimitar
 H - a +1 scimitar of flaming
 L - a +4 dagger
Missiles
 d - 46 poisoned darts (quivered)
 e - 7 curare-tipped darts {!f}
 F - 10 boomerangs
Armour
 h - a +1 pair of gloves (worn)
 n - a +0 ring mail (worn)
 q - a +0 pair of boots (worn)
 s - a +2 cloak (worn)
 C - a +0 helmet (worn)
 U - a +0 kite shield (worn)
 Y - a +2 buckler
 Z - +0 swamp dragon scales
Jewellery
 c - a +4 ring of protection (right hand)
 w - a ring of willpower
 B - a ring of flight
 D - a ring of protection from fire
 M - a ring of ice
 W - a ring of poison resistance (left hand)
Wands
 f - a wand of polymorph (47)
 g - a wand of digging (3)
 l - a wand of paralysis (16)
 u - a wand of iceblast (6)
 A - a wand of flame (35)
 E - a wand of mindburst (8)
 R - a wand of acid (11)
Scrolls
 p - a scroll of holy word {unknown}
 t - 2 scrolls of enchant armour
 v - 3 scrolls of teleportation
 z - a scroll of silence
 I - a scroll of magic mapping
 J - a scroll of fog
 K - a scroll of fear
 P - a scroll of blinking
Potions
 i - 6 potions of curing
 j - 3 potions of mutation
 k - 3 potions of lignification
 m - 2 potions of might
 o - a potion of degeneration {unknown}
 r - 7 potions of berserk rage
 x - 4 potions of haste
 G - 2 potions of ambrosia
 N - 2 potions of cancellation
 O - a potion of resistance {unknown}
 S - a potion of invisibility {unknown}
 V - a potion of attraction {unknown}
Miscellaneous
 Q - a phial of floods
 X - a phantom mirror


   Skills:
 - Level 14.0 Fighting
 - Level 10.0 Short Blades
 - Level 1.7 Throwing
 - Level 6.0 Armour
 - Level 8.0 Dodging
 - Level 10.0 Stealth
 - Level 4.0 Shields
 - Level 14.0 Invocations
 + Level 5.9 Evocations


You had 14 spell levels left.
You didn't know any spells.
Your spell library contained the following spells:

 Spells                   Type           Power      Damage    Failure   Level
 Animate Skeleton         Necr           0%         N/A       95%         1
 Freeze                   Ice            0%         1d3       95%         1
 Pain                     Necr           0%         1d4       95%         1
 Confusing Touch          Hex            0%         N/A       100%        3
 Frozen Ramparts          Ice            0%         1d2       100%        3
 Gell's Gravitas          Tloc           0%         N/A       100%        3
 Ozocubu's Armour         Ice            0%         N/A       100%        3
 Vampiric Draining        Necr           0%         2d6       100%        3
 Animate Dead             Necr           0%         N/A       100%        4
 Hailstorm                Conj/Ice       0%         3d3       100%        4
 Petrify                  Tmut/Erth      0%         N/A       100%        4
 Summon Lightning Spire   Summ/Air       0%         N/A       100%        4
 Agony                    Necr           0%         N/A       100%        5
 Metabolic Englaciation   Hex/Ice        0%         N/A       100%        5
 Silence                  Hex/Air        0%         N/A       100%        5
 Yara's Violent Unravell  Hex/Tmut       0%         3d3       100%        5
 Conjure Ball Lightning   Conj/Air       0%         3x3d6     100%        6
 Tornado                  Air            0%         N/A       100%        9


Dungeon Overview and Level Annotations

Branches:
Dungeon (12/15)            Temple (1/1) D:6            Lair (6/6) D:8
  Swamp (0/4) Lair:4       Spider (0/4) Lair:2        Slime (0/5) Lair:6
    Orc (0/2) D:11

Altars:
Elyvilon
Gozag
Kikubaaqudgha
Makhleb
Ru
Trog
Uskayaw
Vehumet
Xom
Zin
Jiyva

Annotations:
Lair:4 3 runed translucent doors, Cakiepeg's ghost, journeyman DDGl
Lair:5 1 runed translucent door, Bar Zani's ghost, journeyman FoHu
Lair:6 exclusion: oklob plant


Innate Abilities, Weirdness & Mutations

You have razor-sharp teeth.
Your natural rate of healing is unusually fast.
When hurt, damage is shared between your health and your magic reserves.
Your bite disrupts and absorbs the magic of your enemies.
Potions cannot restore your health.


Message History

Uskayaw links your audience in an emotional bond!
You hit the death yak but do no damage.
The death yak is moderately wounded.
The death yak gores you but does no damage.
Unknown command.
You hit the death yak but do no damage.
The death yak is moderately wounded.
The death yak gores you!!
* * * LOW HITPOINT WARNING * * *
Unknown command.
Your shield prevents you from hitting the death yak.
You bite the death yak, but do no damage.
The death yak is moderately wounded.
Unknown command.
You hit the death yak but do no damage.
You bite the death yak, but do no damage.
The death yak is moderately wounded.
The death yak gores you!
* * * LOW HITPOINT WARNING * * *
Unknown command.
Aiming: Paralyse
Press: ? - help, Shift-Dir - straight line, f - death yak
Aim: a death yak (moderately wounded, sharing its pain, chance to affect: 6%)
Okay, then.
Aiming: Corrosive Bolt
Press: ? - help, Shift-Dir - straight line The bolt of acid hits the death yak.
The death yak is splashed with acid.
The acid corrodes the death yak!
The death yak is heavily wounded.
The bolt of acid hits the yak!
The yak is splashed with acid.
The acid corrodes the yak!
The yak is almost dead.
The death yak gores you!
* * * LOW HITPOINT WARNING * * *
Unknown command.
You hit the death yak.
You kill the yak!
The death yak is severely wounded.
The death yak gores you!
You die...

..(...........................#
..............................#
..............................#
..............................#
#.............................#
###.##.#......................#
#####.##....................#
#####............#.###.##
##..###@....##### ###
##....#Y#..#P# ######
##......F†##############
#.#.P###.P..>.....#PP##.##.P..#
.....................P........#
....................PP........#
...................P..........#
P....P......#..P.....#.....#..#
#....P........########..####.##


You could see a death yak (corroded, pain bonded) and a cane toad.

Vanquished Creatures
  Kirke (D:11)
  Nessos (D:12)
  Azrael (D:12)
  Josephine (D:11)
  2 boulder beetles (D:12)
  8 hydras
  Erolcha (D:12)
  5 two-headed ogres
  A centaur warrior (D:10)
  17 death yaks
  Sonja (Lair:5)
  A swamp dragon (Lair:4)
  A lindwurm (Lair:5)
  Pikel (D:7)
  An oklob plant (Lair:5)
  A cyclops (D:12)
  A manticore (D:12)
  9 elephants
  Joseph (D:7)
  2 torpor snails (Lair:5)
  11 cane toads
  3 black mambas
  A rime drake (Lair:1)
  Psyche (D:11)
  10 komodo dragons
  2 unseen horrors
  3 tyrant leeches (Lair:4)
  7 trolls
  3 polar bears
  2 hornets
  4 blink frogs (Lair:2)
  Sigmund (D:6)
  A vampire (D:9)
  2 shadows
  48 yaks
  6 wraiths
  7 wyverns
  3 fire elementals (D:12)
  2 basilisks
  2 steam dragons
  7 vampire mosquitoes
  3 swamp worms (Lair:4)
  Edmund (D:6)
  2 wargs (D:11)
  A hell hound (D:12)
  11 water moccasins
  A swamp drake (Lair:4)
  9 orc warriors
  3 sky beasts
  2 black bears
  2 ice beasts (D:8)
  A necrophage (D:6)
  2 ogres
  18 wolves
  4 centaurs
  2 lemures (D:7)
  A phantom (D:4)
  2 kobold brigands (D:9)
  12 bullfrogs
  A wyvern zombie (D:7)
  4 scorpions
  A water moccasin zombie (D:6)
  21 killer bees
  8 wights (D:6)
  5 centaur zombies
  A bullfrog zombie (D:6)
  2 hounds (D:5)
  2 jellies
  8 orc priests
  Crazy Yiuf (D:2)
  2 gnoll shamans (D:5)
  2 iguanas
  9 orc wizards
  A killer bee zombie (D:8)
  2 hound zombies
  A hound skeleton (D:4)
  3 howler monkey zombies (D:9)
  11 gnolls
  8 adders
  2 shadow imps
  A white imp (D:6)
  3 ufetubi
  4 dart slugs
  31 orcs
  6 bats
  2 endoplasms
  A giant cockroach (D:1)
  11 goblins
  10 hobgoblins
  5 jackals
  14 kobolds
  4 quokkas
  8 ball pythons
  5 frilled lizards
  7 rats
  A butterfly (Lair:1)
468 creatures vanquished.

Vanquished Creatures (others)
  An ugly thing (D:11)
  A yak (D:11)
  A human (D:12)
  Grum (D:11)
  2 wolves (D:11)
  A bullfrog (Lair:5)
  A killer bee (D:11)
  34 fungi
  66 plants
108 creatures vanquished.

Grand Total: 576 creatures vanquished

Notes
Turn   | Place    | Note
-------+----------+-------------------------------------------
     0 | D:1      | tilp the Vine Stalker Brigand began the quest for the Orb.
     0 | D:1      | Reached XP level 1. HP: 11/11 MP: 2/2
   118 | D:1      | Found a faded altar of an unknown god.
   149 | D:1      | Reached XP level 2. HP: 3/15 MP: 3/3
  1222 | D:2      | Reached XP level 3. HP: 11/19 MP: 4/4
  1947 | D:2      | Noticed an ogre
  2161 | D:2      | Found a runed translucent door.
  2162 | D:2      | Noticed Crazy Yiuf
  2363 | D:2      | Killed an ogre
  2364 | D:2      | Gained mutation: Your natural rate of healing is unusually
                  | fast. [Vine Stalker growth]
  2364 | D:2      | Reached XP level 4. HP: 24/24 MP: 5/5
  2364 | D:2      | Reached XP level 5. HP: 28/28 MP: 6/6
  3590 | D:4      | Noticed a phantom
  3600 | D:4      | Killed a phantom
  3601 | D:4      | Reached skill level 1 in Dodging
  3601 | D:4      | Reached skill level 5 in Stealth
  3601 | D:4      | Reached XP level 6. HP: 33/33 MP: 7/7
  3710 | D:4      | Found an ancient bone altar of Kikubaaqudgha.
  4072 | D:4      | Reached XP level 7. HP: 19/37 MP: 4/8
  4219 | D:4      | Reached skill level 5 in Short Blades
  4231 | D:4      | Noticed a wyvern
  4234 | D:4      | Killed a wyvern
  4354 | D:5      | Entered Level 5 of the Dungeon
  4483 | D:5      | Gained mutation: You have razor-sharp teeth. [Vine Stalker
                  | growth]
  4483 | D:5      | Reached XP level 8. HP: 42/42 MP: 9/9
  4671 | D:5      | Reached skill level 5 in Fighting
  5330 | D:2      | Killed Crazy Yiuf
  5709 | D:6      | Found a staircase to the Ecumenical Temple.
  5718 | Temple   | Entered the Ecumenical Temple
  5725 | Temple   | Became a worshipper of Uskayaw the Reveller
  5755 | D:6      | Reached * piety under Uskayaw
  5758 | D:6      | Reached ** piety under Uskayaw
  5840 | D:6      | Reached *** piety under Uskayaw
  5842 | D:6      | Reached **** piety under Uskayaw
  5920 | D:6      | Reached XP level 9. HP: 51/51 MP: 10/10
  6078 | D:6      | Reached skill level 1 in Invocations
  6078 | D:6      | Reached skill level 1 in Evocations
  6179 | D:6      | Found a bloodstained altar of Trog.
  6180 | D:6      | Found a white marble altar of Elyvilon.
  6274 | D:6      | Noticed Sigmund
  6291 | D:6      | Killed Sigmund
  6335 | D:6      | Noticed Edmund
  6338 | D:6      | Killed Edmund
  6694 | D:7      | Noticed Pikel
  6696 | D:7      | Reached ***** piety under Uskayaw
  6884 | D:7      | Reached skill level 5 in Invocations
  6912 | D:7      | Noticed Joseph
  6919 | D:7      | Killed Joseph
  6920 | D:7      | Reached XP level 10. HP: 54/56 MP: 13/15
  7029 | D:7      | Killed Pikel
  7642 | D:8      | Found an opulent altar of Gozag.
  7683 | D:8      | Found a glowing silver altar of Zin.
  7733 | D:8      | Noticed a death yak
  7736 | D:8      | Noticed a death yak
  7737 | D:8      | Noticed a death yak
  7757 | D:8      | Killed a death yak
  7758 | D:8      | Reached skill level 1 in Armour
  7760 | D:8      | Killed a death yak
  7781 | D:8      | Killed a death yak
  7782 | D:8      | Reached XP level 11. HP: 29/62 MP: 5/18
  7873 | D:8      | Found a staircase to the Lair.
  8271 | D:9      | Noticed a four-headed hydra
  8271 | D:9      | Noticed a two-headed ogre
  8280 | D:9      | Killed a four-headed hydra
  8285 | D:9      | Killed a two-headed ogre
  8816 | D:9      | Noticed a two-headed ogre
  8831 | D:9      | Killed a two-headed ogre
  8832 | D:9      | Reached skill level 1 in Shields
  9059 | D:10     | Entered Level 10 of the Dungeon
  9065 | D:10     | Noticed a centaur warrior
  9075 | D:10     | Killed a centaur warrior
  9165 | D:10     | Found a burning altar of Makhleb.
  9193 | D:10     | Found a sacrificial altar of Ru.
  9214 | D:10     | Noticed a two-headed ogre
  9233 | D:10     | Killed a two-headed ogre
  9234 | D:10     | Reached skill level 10 in Fighting
  9591 | D:10     | Reached XP level 12. HP: 62/67 MP: 16/19
  9691 | D:11     | Noticed a two-headed ogre
  9700 | D:11     | Killed a two-headed ogre
  9704 | D:11     | Noticed Psyche
  9726 | D:11     | Killed Psyche
  9766 | D:11     | Killed Grum
  9945 | D:11     | Reached skill level 5 in Dodging
  9960 | D:11     | Found a shimmering altar of Xom.
  9995 | D:11     | Noticed Josephine
 10225 | D:11     | Found a staircase to the Orcish Mines.
 10451 | D:11     | Killed Josephine
 10783 | D:12     | Noticed Kirke
 10798 | D:11     | Killed Kirke
 10799 | D:11     | Reached skill level 10 in Stealth
 10799 | D:11     | Reached skill level 10 in Invocations
 10848 | D:12     | Noticed a boulder beetle
 10861 | D:12     | Killed a boulder beetle
 10862 | D:12     | Reached skill level 10 in Short Blades
 11030 | D:12     | Noticed a two-headed ogre
 11043 | D:12     | Killed a two-headed ogre
 11044 | D:12     | Reached XP level 13. HP: 61/73 MP: 17/21
 11095 | D:12     | Noticed Nessos
 11120 | D:12     | Killed Nessos
 11168 | D:12     | Noticed Azrael
 11214 | D:12     | Killed Azrael
 11399 | D:12     | Noticed Erolcha
 11450 | D:12     | Killed Erolcha
 12088 | Lair:1   | Entered Level 1 of the Lair of Beasts
 12345 | Lair:1   | Reached ****** piety under Uskayaw
 13185 | Lair:2   | Found a hole to the Spider Nest.
 13200 | Lair:2   | Identified the +2 dagger "Ymeexkem" {vamp, rPois rN+ Int+3}
 13904 | Lair:3   | Reached XP level 14. HP: 82/82 MP: 24/24
 14720 | Lair:3   | HP: 3/84 [death yak (15)]
 15687 | Lair:4   | Found a runed translucent gate.
 15687 | Lair:4   | Found a runed translucent gate.
 15691 | Lair:4   | Found a runed translucent gate.
 15693 | Lair:4   | Noticed Cakiepeg's ghost (journeyman DDGl)
 15693 | Lair:4   | Noticed a quicksilver ooze
 15701 | Lair:4   | Found a viscous altar of Jiyva.
 16024 | Lair:4   | Found a staircase to the Swamp.
 16417 | Lair:4   | Reached skill level 5 in Armour
 16966 | Lair:5   | Noticed Sonja
 16998 | Lair:5   | Found a runed translucent door.
 16999 | Lair:5   | Noticed Bar Zani's ghost (journeyman FoHu)
 17039 | Lair:5   | Killed Sonja
 18049 | Lair:6   | Entered Level 6 of the Lair of Beasts
 18054 | Lair:6   | Found a staircase to the Slime Pits.
 18179 | Lair:6   | Reached XP level 15. HP: 88/88 MP: 26/26
 18436 | Lair:5   | Reached skill level 5 in Evocations
 18555 | Lair:5   | HP: 4/88 [death yak (13)]
 18556 | Lair:5   | Mangled by a death yak

Illustrated notes

Levels and vault maps discovered:
D:1:      dpeg_arrival_lava_temple_mockup, layout_basic,
          hellmonk_ecumenical_altar_zigzags
D:2:      layout_loops_ring, st_stairs_11, uniq_crazy_yiuf_cottage
D:3:      layout_loops_cross
D:4:      layout_basic, amcnicky_altar_gilded, serial_bayou_pond_d,
          minmay_manual_monstrance
D:5:      layout_basic, minmay_holes
D:6:      layout_cave_pools, gammafunk_temple_overflow_pools,
          minmay_temple_entry_waves, sigmund_edmund_badplayer
D:7:      layout_cave_pools, hangedman_abyss_or_decor_lesser_grid,
          kennysheep_cluttered_room, eino_jars, uniq_joseph, uniq_pikel
D:8:      layout_basic, pdpol_temple_overflow_zin_treasury_gozag_greed,
          dpeg_lair_monsters, chequers_serial_rivers_large_a, nicolae_wwwww
D:9:      cheibrodos_barr_body, layout_loops_ring, serial_glass,
          glass_columns_a, glass_columns_a, chequers_garden,
          corexii_leaking_fountain, grunt_ministairs_15
D:10:     layout_rooms, lemuel_tele_altar, nicolae_ru_great_annihilating_truth,
          item_on_display_a
D:11:     layout_loops_ring, david_orc_1_choice, xom_confusion_cloud, uniq_grum,
          uniq_psyche, uniq_josephine
D:12:     layout_basic, serial_ice, serial_ice_f, serial_ice_g, serial_ice_h,
          serial_ice_a, uniq_erolcha, uniq_kirke, uniq_azrael, uniq_nessos
Temple:   regret_index_temple_waves
Lair:1:   layout_loops_ring, special_room, cheibrodos_lair_caveside_slide,
          grunt_megastairs_2, lemuel_fruit_fields
Lair:2:   layout_gridlike, spider_nest_entry_web_field
Lair:3:   layout_loops_ring, chequers_serial_rivers_room_a, grunt_megastairs_3
Lair:4:   layout_regular_city, minmay_swamp_entry_worms,
          gammafunk_ghost_endoplasm, pond
Lair:5:   layout_hall_layers, ebering_ghost_inner_flame, serial_bayou_crossing,
          uniq_sonja
Lair:6:   gammafunk_lair_ancient_temple, layout_cave_shapes,
          minmay_slime_entry_oklob_open, special_room
          [special_room_mythical_zoo], hangedman_lair_unloving_vines,
          st_stairs_3, uniq_snorg

Skill      XL: |  1  2  3  4  5  6  7  8  9 10 11 12 13 14 15 |
---------------+----------------------------------------------+-----
Fighting       | 2 3 4 8 9 10 13 14 | 14.0
Short Blades   | 2 3 4 6 7 8 9 10 | 10.0
Dodging        | 1 2 3 4 6 7 8 |  8.0
Stealth        | 5 6 7 8 10 | 10.0
Invocations    | 6 8 9 10 13 14 | 14.0
Evocations     | 4 5 |  5.9
Armour         | 2 3 4 6 |  6.0
Shields        | 2 4 |  4.0
Throwing       | |  1.7

Action                   |  1- 3 |  4- 6 |  7- 9 | 10-12 | 13-15 || total
-------------------------+-------+-------+-------+-------+-------++-------
Melee: Dagger            |    77 |   136 |   284 |   472 |   944 ||  1913
       Bite              |    14 |    31 |    94 |   166 |   430 ||   735
Throw: Dart              |    16 |    20 |    27 |    33 |     2 ||    98
Invok: Line Pass         |       |       |       |     3 |     3 ||     6
       Stomp             |       |       |       |     1 |     2 ||     3
Evoke: Wand              |       |       |       |    10 |     7 ||    17
  Use: Scroll            |     1 |     3 |     8 |     9 |     6 ||    27
 Stab: Sleeping          |     4 |     8 |    13 |    18 |    13 ||    56
       Paralysed         |       |       |     7 |    30 |    50 ||    87
       Confused          |       |       |       |     1 |     3 ||     4
       Invisible         |       |       |       |     1 |       ||     1
       Distracted        |       |       |       |     1 |     2 ||     3
Armor: Robe              |    10 |       |       |       |       ||    10
       Chain mail        |    90 |     9 |       |       |       ||    99
       Ring mail         |       |    43 |    65 |   149 |   289 ||   546
Dodge: Dodged            |    61 |    73 |    91 |   165 |   406 ||   796
Block: Buckler           |       |       |       |    40 |    61 ||   101
       Kite shield       |       |       |       |       |   230 ||   230

Table legend: (Time is in decaauts)
 A = Elapsed time spent in this place.
 B = Non-inter-level travel time spent in this place.
 C = Inter-level travel time spent in this place.
 D = Time resting spent in this place.
 E = Time spent auto-exploring this place.
 F = Levels seen in this place.
 G = Mean time per level.
                   A        B        C        D        E       F      G
               +--------+--------+--------+--------+--------+-----+--------+
         Total |  17902 |  16674 |   1228 |   1888 |  11188 |  19 |  942.2 |
       Dungeon |  11714 |  10843 |    871 |   1308 |   7158 |  12 |  976.2 |
        Temple |     14 |      7 |      7 |      0 |      0 |   1 |   14.0 |
          Lair |   6173 |   5824 |    349 |    579 |   4029 |   6 | 1028.8 |
               +--------+--------+--------+--------+--------+-----+--------+

Top non-repeatable levels by time:
     D:1: 1771 daAuts
  Lair:5: 1672 daAuts
  Lair:4: 1602 daAuts
  Lair:3: 1221 daAuts
     D:2: 1193 daAuts
    D:12: 1145 daAuts
    D:11: 1080 daAuts
     D:5: 967 daAuts
     D:9: 889 daAuts
     D:8: 872 daAuts
     D:4: 850 daAuts
  Lair:1: 818 daAuts
     D:7: 815 daAuts
     D:6: 770 daAuts
     D:3: 727 daAuts
